 Dungeon Crawl Stone Soup version 0.30.1-4-g462c640d31 (webtiles) character file.

Game seed: 9604423042086290221

102 Arctor the Magician (level 4, -6/24 HPs)
             Began as a Deep Elf Air Elementalist on Sept 5, 2023.
             Mangled by Eustachio
             ... wielding a +1 falchion of electrocution
              (11 damage)
             ... on level 4 of the Dungeon.
             The game lasted 00:04:52 (3320 turns).

Arctor the Magician (Deep Elf Air Elementalist)     Turns: 3320, Time: 00:04:55

Health: -6/24      AC:  2    Str:  5    XL:     4   Next: 50%
Magic:  12/12      EV: 13    Int: 22    God:
Gold:   165        SH:  0    Dex: 15    Spells: 4/11 levels left

rFire   . . .        k - +0 dagger
rCold   . . .        (no shield)
rNeg    . . .        a - +0 robe
rPois   .            (no helmet)
rElec   .            (no cloak)
rCorr   .            (no gloves)
SInv    .            (no boots)
Will    .....        (no amulet)
Stlth   ++           (no ring)
HPRegen 0.24/turn    (no ring)
MPRegen 0.13/turn

%: no passive effects
@: no status effects
A: no striking features
a: no special abilities


You were on level 4 of the Dungeon.
You visited 1 branch of the dungeon, and saw 5 of its levels.

You collected 165 gold pieces.

Inventory:

Hand Weapons
 k - a +0 dagger (weapon)
Armour
 a - a +0 robe (worn)
Wands
 m - a wand of flame (21)
Scrolls
 f - a scroll of immolation {unknown}
 g - 3 scrolls of identify {unknown}
 h - 2 scrolls of poison {unknown}
 j - a scroll of enchant weapon {unknown}
 l - a scroll of teleportation {unknown}
Potions
 b - a potion of magic
 c - a potion of mutation {unknown}
 d - 2 potions of heal wounds {unknown}
 e - 2 potions of attraction {unknown}
 i - a potion of curing {unknown}
 n - a potion of flight {unknown}


   Skills:
 + Level 3.3 Dodging
 + Level 3.4 Stealth
 + Level 4.0 Spellcasting
 + Level 2.3 Conjurations
 + Level 3.5 Air Magic


You had 4 spell levels left.
You knew the following spells:

 Your Spells              Type           Power      Damage    Failure   Level
a - Shock                 Conj/Air       68%        1d7       3%          1
b - Hailstorm             Conj/Ice       9%         3d4       22%         3
c - Frozen Ramparts       Ice            8%         1d2       32%         3

Your spell library contained the following spells:

 Spells                   Type           Power      Damage    Failure   Level
 Static Discharge         Conj/Air       34%        2-4/arc   4%          2
 Swiftness                Air            20%        N/A       8%          3
 Freeze                   Ice            16%        1d4       11%         1
 Airstrike                Air            10%        2d(2-18)  26%         4
 Ice Form                 Ice/Tmut       4%         N/A       73%         4
 Summon Ice Beast         Ice/Summ       4%         N/A       73%         4


Dungeon Overview and Level Annotations

Branches:
Dungeon (5/15)
 Temple: D:4-7

Altars:

Annotations:
D:4 Eustachio


Message History

Aim: Eustachio, wielding a +1 falchion of electrocution and wearing a +0 leather armour (60% to hit)
The zap hits Eustachio!
Eustachio is lightly wounded.
Eustachio casts a spell.
Casting: Shock (safe; 3% risk of failure)
Confirm with . or Enter, or press ? or * to list all spells.
Aiming: Shock (safe; 3% risk of failure)
Press: ? - help, Shift-Dir - straight line, f/p - Eustachio
Aim: Eustachio, wielding a +1 falchion of electrocution and wearing a +0 leather armour (lightly wounded, 60% to hit)
The zap hits the ufetubus.
The ufetubus is heavily wounded.
The zap misses Eustachio.
Casting: Shock (safe; 3% risk of failure)
Confirm with . or Enter, or press ? or * to list all spells.
Aiming: Shock (safe; 3% risk of failure)
Press: ? - help, Shift-Dir - straight line, f/p - Eustachio
Aim: Eustachio, wielding a +1 falchion of electrocution and wearing a +0 leather armour (lightly wounded, 60% to hit)
The zap hits the ufetubus.
You kill the ufetubus!
The ufetubus disappears in a puff of smoke!
The zap misses the ufetubus.
The zap misses Eustachio.
The zap hits the white imp but does no damage.
Eustachio yells, "Perjured traitor, DIE!"
Eustachio gestures wildly while chanting.
The ufetubus misses you. x2
You can't go up here!
You can't go up here!
The ufetubus barely misses you. x2
You climb downwards.
There is a stone staircase leading up here.
You start resting.
Magic restored.
You climb upwards.
Level annotation: Eustachio The ufetubus hits you. x2; The ufetubus closely misses you.
The ufetubus completely misses you.
Eustachio hits you with a +1 falchion of electrocution!
* * * LOW HITPOINT WARNING * * *
You are electrocuted!
You die...

#... .# #(.# .# ##
#..###.#..###
#####..<........#
#.......#)#.....
#.###...#........
...####.###............
#.........r..#.....>..
....###....5@.#.#.....#
## #.##.##@#.......#
#.†.[...#.#.#...#
#.#.###5#........
#.#.###.## #........#
##..####.####
#..####$....
#..#.†.....@


You could see Eustachio, a white imp (summoned), an ufetubus (summoned) and a
quokka (summoned).

Vanquished Creatures
  A hound (D:4)
  An adder (D:2)
  4 worms
  4 dart slugs
  4 ball pythons
  2 endoplasms
  3 giant cockroaches
  3 hobgoblins
  3 quokkas
  3 bats
  3 frilled lizards
  4 goblins
  3 kobolds
  10 rats
48 creatures vanquished.

Notes
Turn   | Place    | Note
-------+----------+-------------------------------------------
     0 | D:1      | Arctor the Deep Elf Air Elementalist began the quest for
                  | the Orb.
     0 | D:1      | Reached XP level 1. HP: 10/10 MP: 6/6
   303 | D:1      | Reached XP level 2. HP: 11/15 MP: 1/8
  1264 | D:2      | Reached XP level 3. HP: 19/19 MP: 2/9
  2698 | D:3      | Learned a level 3 spell: Hailstorm
  2702 | D:3      | Learned a level 3 spell: Frozen Ramparts
  2983 | D:4      | Noticed Eustachio
  3072 | D:4      | Reached XP level 4. HP: 24/24 MP: 6/11
  3239 | D:4      | Reached skill level 4 in Spellcasting
  3267 | D:5      | Entered Level 5 of the Dungeon
  3320 | D:4      | Mangled by Eustachio

Illustrated notes

Levels and vault maps discovered:
D:1:      dpeg_chamrin_arrival_tetris, layout_loops_ring
D:2:      layout_loops_ring
D:3:      layout_loops_ring
D:4:      layout_loops_cross, uniq_eustachio, uniq_natasha
D:5:      layout_cave_pools, minmay_temple_entry_gardened_gates,
          gammafunk_ghost_abyssal_escape

Skill      XL: |  1  2  3  4 |
---------------+-------------+-----
Stealth        | 3 |  3.4
Dodging        | 3 |  3.3
Conjurations   | 2 |  2.3
Spellcasting   | 4 |  4.0
Air Magic      | |  3.5

Action                     |  1- 3 |  4- 6 || total
---------------------------+-------+-------++-------
  Melee: Unarmed           |     5 |       ||     5
   Cast: Shock             |   113 |    20 ||   133
 Armour: Robe              |     6 |     1 ||     7
  Dodge: Dodged            |    31 |     9 ||    40
